 Dungeon Crawl Stone Soup version 0.18.1-50-g88ac8fd (webtiles) character file.

60 Loris the Magician (level 3, -3/21 HPs)
             Began as a High Elf Wizard on Oct 4, 2016.
             Killed by divine providence
             ... invoked by an orc priest
              (10 damage)
             ... on level 3 of the Dungeon.
             The game lasted 00:10:03 (3092 turns).

Loris the Magician (High Elf Wizard)                Turns: 3092, Time: 00:10:03

Health: -3/21      AC:  2    Str:  6    XL:     3   Next: 80%
Magic:  6/10       EV: 12    Int: 21    God:
Gold:   80         SH:  0    Dex: 15    Spells: 5 memorised, 2 levels left

rFire  . . .     SeeInvis .     a - +0 dagger
rCold  . . .     Gourm    .     f - +0 robe
rNeg   . . .     Faith    .     (no shield)
rPois  .         Spirit   .     j - +0 hat
rElec  .         Dismiss  .     (no cloak)
rCorr  .         Reflect  .     (no gloves)
SustAt .         Harm     .     (no boots)
MR     .....                    (no amulet)
Stlth  ++........               (no ring)
                                (no ring)

@: not resistant to hostile enchantments, unstealthy
A: no striking features
a: no special abilities


You were on level 3 of the Dungeon.
You were not hungry.

You visited 1 branch of the dungeon, and saw 3 of its levels.

You collected 80 gold pieces.

Inventory:

Hand Weapons
 a - a +0 dagger (weapon)
 b - a +0 hunting sling
 r - a +3 whip
Missiles
 m - 26 arrows
Armour
 f - a +0 robe (worn)
 j - a +0 hat (worn)
 k - a +0 leather armour
Jewellery
 w - an uncursed ring of fire {unknown}
Scrolls
 e - a scroll of teleportation
 i - a scroll of amnesia {unknown}
 o - a scroll of immolation {unknown}
 p - a scroll of enchant armour {unknown}
 t - a scroll of enchant weapon {unknown}
 v - a scroll of fear {unknown}
Potions
 h - a potion of cancellation
 l - a potion of brilliance
 u - a potion of resistance {unknown}
 x - a potion of flight {unknown}
Books
 c - a book of Minor Magic

   Spells                             Type                      Level
   a - Magic Dart                     Conjuration                  1
   b - Blink                          Translocation                2
   c - Call Imp                       Summoning                    2
   d - Repel Missiles                 Charms/Air                   2
   e - Slow                           Hexes                        2
   f - Conjure Flame                  Conjuration/Fire             3
   g - Mephitic Cloud                 Conjuration/Poison/Air       3
Comestibles
 d - 2 bread rations
 s - a meat ration


   Skills:
 - Level 2.1 Dodging
 - Level 2.1 Stealth
 + Level 4.6 Spellcasting
 + Level 3.0 Conjurations
 - Level 0.8 Summonings
 - Level 1.1 Translocations


You had 2 spell levels left.
You knew the following spells:

 Your Spells              Type           Power        Failure   Level  Hunger
a - Magic Dart            Conj           ###.         3%          1    None
b - Blink                 Tloc           N/A          12%         2    #......
c - Call Imp              Summ           #.......     12%         2    #......
d - Repel Missiles        Chrm/Air       #.....       17%         2    #......
e - Slow                  Hex            #.......     17%         2    #......


Dungeon Overview and Level Annotations

Branches:
Dungeon (3/15)

Altars:
Qazlal
Trog

Annotations:
D:3 Lluna's ghost, weakling CeAM


Message History

Lluna's ghost turns its malevolent gaze towards you.
Your crimson imp blinks!
The hobgoblin hits you but does no damage.
Casting: Call Imp
Confirm with . or Enter, or press ? or * to list all spells.
A beastly little devil appears in a puff of frigid air.
The orc priest calls down the wrath of Beogh upon you.
Beogh smites you!
Ouch! That really hurt!
Lluna's ghost gestures at you while chanting.
Your white imp resists with significant effort.
Lluna's ghost casts a spell at you.
Your white imp seems to slow down.
Something hits your white imp but does no damage.
Lluna's ghost hits your white imp but does no damage.
Your white imp gestures at Lluna's ghost.
The puff of frost hits Lluna's ghost.
The orc priest invokes the aid of Beogh against you.
Beogh smites you!
You die...

###*### #..,..# #.#*#.###*
###### #.# #...,# #....#**#***
####.###.##.###....##..,,,
#..>..................,,,,
###.#.........###....#*,,,,,
#......##.#######.5..##..,,,
#.#<.......@g..ooW.5.....,,,
####.#....##.#############..,,,
#............#*≈∩≈≈≈≈≈≈≈,,,,,,,
#.##......####**********,,,,,,,
#,*###....# *,,,,,,,,,,,
*,,,,#....######## *****,,,,,,,
****,#...........# *,,,,,,,
*,#...........# *,,,,,,,
#,##'##.......# *,,,,,**


You could see an orc priest, Lluna's ghost, an orc, a hobgoblin and a friendly
white imp.

Vanquished Creatures
  A giant gecko (D:1)
  3 giant cockroaches
  3 hobgoblins
  3 jackals (D:1)
  7 bats
  2 giant newts (D:2)
  8 goblins
  10 kobolds
  9 rats
46 creatures vanquished.

Vanquished Creatures (collateral kills)
  2 adders (D:2)
  A dart slug (D:2)
3 creatures vanquished.

Grand Total: 49 creatures vanquished

Notes
Turn   | Place    | Note
--------------------------------------------------------------
     0 | D:1      | Loris the High Elf Wizard began the quest for the Orb.
     0 | D:1      | Reached XP level 1. HP: 11/11 MP: 6/6
   263 | D:1      | Reached XP level 2. HP: 6/17 MP: 0/7
   590 | D:1      | Reached skill level 4 in Spellcasting
   615 | D:1      | Learned a level 2 spell: Blink
   618 | D:1      | Learned a level 2 spell: Call Imp
   621 | D:1      | Learned a level 2 spell: Repel Missiles
   624 | D:1      | Learned a level 2 spell: Slow
  1458 | D:1      | Reached XP level 3. HP: 21/21 MP: 6/9
  2125 | D:2      | Found a bloodstained altar of Trog.
  2279 | D:2      | Found a stormy altar of Qazlal.
  3086 | D:3      | Noticed Lluna's ghost (weakling CeAM)
  3092 | D:3      | Killed from afar by an orc priest

Skill      XL: |  1  2  3 |
---------------+----------+-----
Conjurations   | 2 3 |  3.0
Spellcasting   | 4 |  4.6
Dodging        | |  2.1
Stealth        | |  2.1
Summonings     | |  0.8
Translocations | |  1.1

Action                   || total
-------------------------++-------
Melee: Club              ||     7
       Dagger            ||     5
 Cast: Magic Dart        ||    94
       Call Imp          ||     7
  Use: Scroll            ||     6
  Eat: Chunk             ||     6
Armor: Robe              ||     8
Dodge: Dodged            ||    35
